 Dungeon Crawl Stone Soup version 0.30-a0-4-ga7cffc901d (webtiles) character file.

Game seed: 6217647155800614443

13 Spectrina the Magician (level 2, 0/22 HPs)
             Began as a Djinni Venom Mage on Aug 21, 2022.
             Frozen to death by an endoplasm (7 damage)
             ... on level 2 of the Dungeon.
             The game lasted 00:01:26 (230 turns).

Spectrina the Magician (Djinni Venom Mage)           Turns: 230, Time: 00:01:27

Health: 0/22       AC:  2    Str:  7    XL:     2   Next: 50%
Gold:   16         EV: 12    Int: 16    God:
                   SH:  3    Dex: 13

rFire   + + .      SeeInvis .    (no weapon)
rCold   x . .      Faith    .    d - +0 buckler
rNeg    . . .      Spirit   .    a - +0 robe
rPois   ∞          Reflect  .    (no helmet)
rElec   .          Harm     .    (no cloak)
rCorr   .          Rampage  .    (no gloves)
Will    .....                    (boots unavailable)
Stlth   ++........               (no amulet)
HPRegen 0.07/turn                (no ring)
MPRegen 0.00/turn                (no ring)

@: flying
A: sickness immunity, fire resistance 2, cold vulnerability 1, float, innate
caster, HP casting, extra vitality 1
a: no special abilities


You were on level 2 of the Dungeon.
You visited 1 branch of the dungeon, and saw 2 of its levels.

You collected 16 gold pieces.

Inventory:

Armour
 a - a +0 robe (worn)
 d - a +0 buckler (worn)
Scrolls
 b - a scroll of fog {unknown}
 c - a scroll of identify {unknown}


   Skills:
 + Level 0.5 Fighting
 + Level 2.3 Dodging
 + Level 1.7 Stealth
 * Level 2.6 Spellcasting
 + Level 0.4 Invocations


You couldn't memorise any spells.
You knew the following spells:

 Your Spells              Type           Power      Damage    Failure   Level
a - Sting                 Tmut/Pois      40%        1d5       9%          1
l - Mephitic Cloud        Conj/Pois/Air  10%        N/A       26%         3
q - Poisonous Vapours     Pois/Air       20%        N/A       14%         2
w - Olgreb's Toxic Radia  Pois           10%        N/A       65%         4
Your spell library was empty.

Dungeon Overview and Level Annotations

Branches:
Dungeon (2/15)

Altars:

Annotations:
D:2 Jessica


Innate Abilities, Weirdness & Mutations

You are immune to sickness and miasma.
You are immune to poison.
Your flesh is very heat resistant. (rF++)
You are vulnerable to cold. (rC-)
You float through the air rather than walking.
You learn spells naturally, not from books.
Your magical power is your life essence.
You have superior vitality. (+4 MHP)


Message History

Adjust to which letter? q - Poisonous Vapours Adjust (i)tems, (s)pells, or (a)bilities?
Adjust which spell? d - Olgreb's Toxic Radiance Adjust to which letter? w - Olgreb's Toxic Radiance Adjust (i)tems, (s)pells, or (a)bilities?
Adjust which spell? c - Mephitic Cloud Adjust to which letter? l - Mephitic Cloud Jessica and an endoplasm come into view.
Jessica shouts!
The endoplasm quivers.
Unknown command.
Casting: Sting (safe; 9% risk of failure)
Confirm with . or Enter, or press ? or * to list all spells.
Aiming: Poisonous Vapours (safe; 14% risk of failure)
Press: ? - help, Dir - move target, f - Jessica
Aim: Jessica, wielding a +0 club and wearing a +0 robe Poisonous vapours surround Jessica!
Jessica is poisoned.
Casting: Poisonous Vapours (safe; 14% risk of failure)
Confirm with . or Enter, or press ? or * to list all spells.
Aiming: Poisonous Vapours (safe; 14% risk of failure)
Press: ? - help, Dir - move target, f/p - Jessica
Aim: Jessica, wielding a +0 club and wearing a +0 robe (moderately wounded, poisoned) Poisonous vapours surround Jessica!
Jessica looks even sicker.
Unknown command.
Casting: Poisonous Vapours (safe; 14% risk of failure)
Confirm with . or Enter, or press ? or * to list all spells.
Aiming: Sting (safe; 9% risk of failure)
Press: ? - help, Shift-Dir - straight line, f/p - Jessica
Aim: Jessica, wielding a +0 club and wearing a +0 robe (heavily wounded, very poisoned, 71% to hit)
The sting hits the endoplasm.
The endoplasm partially resists.
The endoplasm is poisoned.
The endoplasm is lightly wounded.
The endoplasm freezes you.
You are frozen!
You feel a terrible chill!
You die...

##.##
#.# #.#
#.# #.#
..#
##.##
#.#
#...##
#.###.##
#.#
##.####
#..
#.@..#
#.
#J##.# #
#@## #
..# #..
##


You could see Jessica (very poisoned) and an endoplasm (poisoned).

Vanquished Creatures
  An adder (D:2)
  A quokka (D:2)
  A bat (D:2)
  A frilled lizard (D:2)
  A rat (D:2)
5 creatures vanquished.

Vanquished Creatures (others)
  15 plants (D:2)
15 creatures vanquished.

Grand Total: 20 creatures vanquished

Notes
Turn   | Place    | Note
-------+----------+-------------------------------------------
     0 | D:1      | Spectrina the Djinni Venom Mage began the quest for the
                  | Orb.
     0 | D:1      | Spectrina set off with the following spells memorised:
                  | Sting, Poisonous Vapours, Mephitic Cloud, Olgreb's Toxic
                  | Radiance.
     0 | D:1      | Reached XP level 1. HP: 15/15 MP: 0/0
   103 | D:2      | Reached XP level 2. HP: 3/22 MP: 0/0
   227 | D:2      | Noticed Jessica
   230 | D:2      | Frozen to death by an endoplasm

Illustrated notes

Levels and vault maps discovered:
D:1:      dpeg_arrival_water_fire, layout_basic,
          shapermc_ecumenical_altar_flowoftime
D:2:      layout_loops_ring, nicolae_grassy_gnolls, uniq_jessica, uniq_natasha

Action                   || total
-------------------------++-------
 Cast: Sting             ||     9
       Poisonous Vapours ||     2
Armor: Robe              ||     1
Dodge: Dodged            ||     4

Table legend: (Time is in decaauts)
 A = Elapsed time spent in this place.
 B = Non-inter-level travel time spent in this place.
 C = Inter-level travel time spent in this place.
 D = Time resting spent in this place.
 E = Time spent auto-exploring this place.
 F = Levels seen in this place.
 G = Mean time per level.
                   A        B        C        D        E       F      G
               +--------+--------+--------+--------+--------+-----+--------+
         Total |    230 |    230 |      0 |      0 |      0 |   2 |  115.0 |
       Dungeon |    230 |    230 |      0 |      0 |      0 |   2 |  115.0 |
               +--------+--------+--------+--------+--------+-----+--------+

Top non-repeatable levels by time:
     D:2: 129 daAuts
     D:1: 101 daAuts
